[ AOE2 MATCH · #505194798 ]
UnrankedTupi vs Koreans
Player's team · WIN
Rival team · LOSS
[ REPLAY ANALYSIS · EXTRACTED FROM THE RECORDED GAME ]
Feudal
9:15
Castle
24:21
Imperial
—
| APM avg | 58.4 |
| APM peak | 86 |
| eAPM avg | 23.5 |
| Villagers / military | 85 / 29 |
Focus
⚔️ 40.7% · 🌾 59.3%
Unknown (2550) ×30 · Skirmisher ×16 · Archer ×13
Feudal
10:30
Castle
24:06
Imperial
—
| APM avg | 51.8 |
| APM peak | 111 |
| eAPM avg | 28.8 |
| Villagers / military | 59 / 37 |
Focus
⚔️ 35.3% · 🌾 64.7%
Archer ×23 · Skirmisher ×14
Match map
Initial resources + every placement click. Lines = walls · curves = elevation contours. ◆ gold · ⬟ stone · ● berries · ✦ relic · ◌ wall gap
Your base· Open — unwalled flank
Doner Kebab épicé's base· Open — 3t gap
Smoothed initial terrain · ◌ = detected wall gap · hover for details
Inputs per minute
— Zezlot - - Doner Kebab épicé
Build order — Zezlot
First 150 of 223 actions detected
| 0:00 | Create | Villager (Male) |
| 0:01 | Build | House |
| 0:02 | Build | House |
| 0:08 | Create | Villager (Male) |
| 0:09 | Create | Villager (Male) |
| 0:09 | Create | Villager (Male) |
| 1:02 | Create | Villager (Male) |
| 1:30 | Create | Villager (Male) |
| 1:46 | Build | Settlement |
| 2:01 | Create | Villager (Male) |
| 2:34 | Create | Villager (Male) |
| 3:06 | Create | Villager (Male) |
| 3:07 | Create | Villager (Male) |
| 3:56 | Create | Villager (Male) |
| 4:00 | Create | Villager (Male) |
| 4:06 | Create | Villager (Male) |
| 4:44 | Build | Barracks |
| 4:59 | Create | Villager (Male) |
| 5:27 | Research | Loom |
| 5:32 | Create | Villager (Male) |
| 5:35 | Create | Villager (Male) |
| 5:48 | Create | Villager (Male) |
| 5:52 | Create | Villager (Male) |
| 5:55 | Create | Villager (Male) |
| 6:12 | Build | House |
| 6:13 | Create | Villager (Male) |
| 6:23 | Create | Villager (Male) |
| 6:39 | Create | Villager (Male) |
| 6:49 | Build | Settlement |
| 6:50 | Create | Villager (Male) |
| 7:05 | Research | Feudal Age |
| 7:22 | Create | Unit 2550 |
| 8:05 | Create | Unit 2550 |
| 8:23 | Build | House |
| 8:37 | Create | Villager (Male) |
| 9:00 | Create | Villager (Male) |
| 9:15 | Age | Feudal Age |
| 9:16 | Build | Watch Tower |
| 9:18 | Research | Tech 1402 |
| 9:21 | Create | Villager (Male) |
| 9:21 | Create | Villager (Male) |
| 9:38 | Create | Villager (Male) |
| 9:41 | Research | Double-Bit Axe |
| 9:54 | Build | Archery Range |
| 9:55 | Create | Villager (Male) |
| 9:58 | Create | Villager (Male) |
| 10:09 | Create | Villager (Male) |
| 10:23 | Build | Watch Tower |
| 10:37 | Create | Villager (Male) |
| 11:07 | Build | Settlement |
| 11:38 | Create | Villager (Male) |
| 11:39 | Create | Villager (Male) |
| 11:40 | Create | Archer |
| 11:43 | Create | Archer |
| 11:58 | Create | Villager (Male) |
| 11:59 | Create | Villager (Male) |
| 11:59 | Create | Archer |
| 12:29 | Create | Archer |
| 12:32 | Build | Farm |
| 12:33 | Build | Farm |
| 12:33 | Build | Farm |
| 12:33 | Build | Farm |
| 12:41 | Create | Skirmisher |
| 13:24 | Create | Archer |
| 13:25 | Create | Archer |
| 13:54 | Create | Villager (Male) |
| 13:58 | Build | Watch Tower |
| 13:59 | Create | Archer |
| 13:59 | Create | Villager (Male) |
| 14:00 | Create | Villager (Male) |
| 14:01 | Create | Villager (Male) |
| 14:01 | Create | Villager (Male) |
| 14:03 | Build | Farm |
| 14:10 | Build | Blacksmith |
| 14:27 | Build | Palisade Wall |
| 14:27 | Build | Palisade Wall |
| 14:28 | Build | Palisade Wall |
| 14:28 | Build | Palisade Wall |
| 14:32 | Create | Skirmisher |
| 14:32 | Create | Skirmisher |
| 14:36 | Create | Villager (Male) |
| 14:41 | Build | Farm |
| 14:42 | Build | Farm |
| 14:42 | Build | Farm |
| 14:42 | Build | Farm |
| 15:09 | Build | Watch Tower |
| 15:12 | Research | Fletching |
| 15:12 | Research | Fletching |
| 15:13 | Create | Skirmisher |
| 15:14 | Create | Skirmisher |
| 15:39 | Create | Villager (Male) |
| 15:42 | Build | Farm |
| 15:42 | Build | Farm |
| 15:42 | Build | Farm |
| 15:43 | Build | Farm |
| 15:43 | Build | Farm |
| 15:48 | Create | Villager (Male) |
| 16:03 | Create | Archer |
| 16:05 | Create | Villager (Male) |
| 16:13 | Build | House |
| 16:15 | Build | House |
| 16:26 | Create | Archer |
| 17:01 | Create | Archer |
| 17:05 | Create | Villager (Male) |
| 17:08 | Create | Villager (Male) |
| 17:14 | Create | Villager (Male) |
| 17:22 | Create | Villager (Male) |
| 17:22 | Create | Villager (Male) |
| 17:23 | Create | Villager (Male) |
| 17:24 | Build | Farm |
| 17:25 | Build | Farm |
| 17:25 | Build | Farm |
| 17:25 | Build | Farm |
| 17:25 | Build | Farm |
| 17:41 | Create | Villager (Male) |
| 17:42 | Create | Villager (Male) |
| 17:57 | Create | Archer |
| 17:59 | Create | Villager (Male) |
| 18:05 | Create | Villager (Male) |
| 18:08 | Build | Farm |
| 18:18 | Create | Villager (Male) |
| 18:41 | Create | Archer |
| 18:41 | Create | Villager (Male) |
| 18:45 | Create | Villager (Male) |
| 18:46 | Build | Farm |
| 18:46 | Build | Farm |
| 19:05 | Create | Villager (Male) |
| 19:14 | Create | Villager (Male) |
| 19:17 | Create | Villager (Male) |
| 19:17 | Create | Villager (Male) |
| 19:18 | Create | Villager (Male) |
| 19:19 | Create | Villager (Male) |
| 19:19 | Create | Skirmisher |
| 19:21 | Create | Villager (Male) |
| 19:24 | Build | Farm |
| 19:24 | Build | Farm |
| 19:25 | Build | Farm |
| 19:28 | Create | Villager (Male) |
| 19:29 | Create | Villager (Male) |
| 19:46 | Create | Villager (Male) |
| 20:08 | Create | Archer |
| 20:08 | Create | Villager (Male) |
| 20:15 | Build | Watch Tower |
| 20:25 | Create | Skirmisher |
| 20:25 | Create | Skirmisher |
| 20:26 | Create | Villager (Male) |
| 20:26 | Create | Villager (Male) |
| 20:28 | Create | Villager (Male) |
| 20:46 | Create | Villager (Male) |
| 20:49 | Create | Skirmisher |
Build order — Doner Kebab épicé
First 150 of 209 actions detected
| 0:00 | Create | Villager (Male) |
| 0:00 | Create | Villager (Male) |
| 0:00 | Create | Villager (Male) |
| 0:01 | Build | House |
| 0:03 | Build | House |
| 0:18 | Create | Villager (Male) |
| 1:25 | Create | Villager (Male) |
| 1:52 | Create | Villager (Male) |
| 1:57 | Build | Lumber Camp |
| 2:29 | Create | Villager (Male) |
| 2:40 | Create | Villager (Male) |
| 2:57 | Create | Villager (Male) |
| 3:24 | Create | Villager (Male) |
| 3:28 | Build | House |
| 3:29 | Build | House |
| 3:44 | Create | Villager (Male) |
| 4:09 | Create | Villager (Male) |
| 4:10 | Create | Villager (Male) |
| 4:45 | Create | Villager (Male) |
| 4:45 | Create | Villager (Male) |
| 5:13 | Build | Mill |
| 5:30 | Create | Villager (Male) |
| 5:54 | Create | Villager (Male) |
| 6:18 | Build | Palisade Wall |
| 6:21 | Build | Palisade Wall |
| 6:24 | Build | Palisade Wall |
| 6:25 | Create | Villager (Male) |
| 7:02 | Build | Palisade Wall |
| 7:03 | Build | Palisade Wall |
| 7:04 | Create | Villager (Male) |
| 7:14 | Build | Palisade Wall |
| 7:17 | Create | Villager (Male) |
| 7:46 | Research | Loom |
| 8:15 | Research | Feudal Age |
| 8:28 | Build | Lumber Camp |
| 8:37 | Build | House |
| 9:27 | Build | Palisade Wall |
| 9:29 | Build | Palisade Wall |
| 9:38 | Build | House |
| 9:41 | Create | Villager (Male) |
| 10:02 | Build | House |
| 10:10 | Build | Barracks |
| 10:13 | Build | Palisade Wall |
| 10:13 | Build | Palisade Wall |
| 10:14 | Build | Palisade Wall |
| 10:28 | Build | Palisade Wall |
| 10:30 | Build | Palisade Wall |
| 10:30 | Age | Feudal Age |
| 10:35 | Create | Villager (Male) |
| 10:42 | Build | Palisade Wall |
| 10:45 | Build | Palisade Wall |
| 10:47 | Build | Palisade Wall |
| 10:48 | Build | Palisade Wall |
| 10:49 | Build | Palisade Wall |
| 11:09 | Build | Mining Camp |
| 11:17 | Create | Villager (Male) |
| 11:31 | Build | Archery Range |
| 11:36 | Create | Villager (Male) |
| 12:08 | Build | Farm |
| 12:08 | Build | Farm |
| 12:09 | Build | Farm |
| 12:10 | Create | Villager (Male) |
| 12:12 | Create | Archer |
| 12:18 | Create | Archer |
| 12:33 | Create | Villager (Male) |
| 12:47 | Create | Villager (Male) |
| 12:50 | Build | House |
| 12:57 | Build | House |
| 12:58 | Build | Palisade Wall |
| 13:05 | Build | Palisade Wall |
| 13:18 | Build | Palisade Wall |
| 13:32 | Create | Villager (Male) |
| 13:44 | Build | House |
| 13:44 | Build | House |
| 13:45 | Research | Double-Bit Axe |
| 13:52 | Create | Archer |
| 13:54 | Create | Villager (Male) |
| 13:58 | Create | Archer |
| 14:05 | Build | Farm |
| 14:05 | Build | Farm |
| 14:07 | Build | Farm |
| 14:08 | Build | Farm |
| 14:10 | Create | Villager (Male) |
| 14:10 | Create | Archer |
| 14:10 | Create | Archer |
| 14:19 | Create | Archer |
| 14:29 | Build | Watch Tower |
| 14:39 | Create | Archer |
| 14:42 | Build | Farm |
| 14:44 | Create | Archer |
| 14:58 | Create | Archer |
| 15:06 | Build | Blacksmith |
| 15:29 | Create | Villager (Male) |
| 15:36 | Build | Farm |
| 15:41 | Build | Farm |
| 15:50 | Create | Villager (Male) |
| 15:53 | Build | House |
| 15:54 | Build | House |
| 15:57 | Create | Archer |
| 15:57 | Create | Archer |
| 15:57 | Create | Archer |
| 15:58 | Create | Archer |
| 16:19 | Create | Villager (Male) |
| 16:28 | Build | Farm |
| 16:31 | Build | Farm |
| 16:37 | Create | Archer |
| 16:39 | Create | Villager (Male) |
| 16:45 | Create | Skirmisher |
| 17:00 | Create | Villager (Male) |
| 17:06 | Research | Fletching |
| 17:11 | Create | Archer |
| 17:11 | Create | Archer |
| 17:22 | Build | Farm |
| 17:22 | Build | Farm |
| 17:23 | Build | Farm |
| 17:24 | Build | Farm |
| 17:25 | Create | Villager (Male) |
| 17:29 | Build | Farm |
| 17:31 | Create | Archer |
| 17:32 | Create | Skirmisher |
| 17:47 | Create | Villager (Male) |
| 17:54 | Create | Skirmisher |
| 18:02 | Build | Farm |
| 18:14 | Build | House |
| 18:20 | Create | Villager (Male) |
| 18:21 | Create | Villager (Male) |
| 18:26 | Create | Skirmisher |
| 18:51 | Build | Farm |
| 19:06 | Build | Farm |
| 19:15 | Create | Villager (Male) |
| 19:16 | Create | Villager (Male) |
| 19:17 | Create | Skirmisher |
| 19:37 | Build | House |
| 19:55 | Create | Skirmisher |
| 20:02 | Create | Villager (Male) |
| 20:09 | Build | House |
| 20:10 | Build | House |
| 20:10 | Build | House |
| 20:10 | Build | House |
| 20:10 | Build | House |
| 20:19 | Create | Villager (Male) |
| 20:48 | Build | Market |
| 20:52 | Create | Villager (Male) |
| 21:26 | Research | Castle Age |
| 22:01 | Create | Skirmisher |
| 22:01 | Create | Skirmisher |
| 22:02 | Create | Skirmisher |
| 22:10 | Build | Lumber Camp |
| 22:30 | Create | Skirmisher |
| 23:16 | Build | House |
Match timeline
| 4:44 | Zezlot · first_building Barracks |
| 6:18 | Doner Kebab épicé · wall_segment Palisade Wall x13 |
| 6:21 | Doner Kebab épicé · wall_segment Palisade Wall x4 |
| 6:24 | Doner Kebab épicé · wall_segment Palisade Wall x8 |
| 7:02 | Doner Kebab épicé · wall_segment Palisade Wall x13 |
| 7:03 | Doner Kebab épicé · wall_segment Palisade Wall x1 |
| 7:14 | Doner Kebab épicé · wall_segment Palisade Wall x15 |
| 9:15 | Zezlot · age_up feudal |
| 9:27 | Doner Kebab épicé · wall_segment Palisade Wall x3 |
| 9:29 | Doner Kebab épicé · wall_segment Palisade Wall x3 |
| 9:54 | Zezlot · first_building Archery Range |
| 10:10 | Doner Kebab épicé · first_building Barracks |
| 10:13 | Doner Kebab épicé · wall_segment Palisade Wall x1 |
| 10:13 | Doner Kebab épicé · wall_segment Palisade Wall x1 |
| 10:14 | Doner Kebab épicé · wall_segment Palisade Wall x1 |
| 10:28 | Doner Kebab épicé · wall_segment Palisade Wall x1 |
| 10:30 | Doner Kebab épicé · wall_segment Palisade Wall x1 |
| 10:30 | Doner Kebab épicé · age_up feudal |
| 10:42 | Doner Kebab épicé · wall_segment Palisade Wall x3 |
| 10:45 | Doner Kebab épicé · wall_segment Palisade Wall x1 |
| 10:47 | Doner Kebab épicé · wall_segment Palisade Wall x4 |
| 10:48 | Doner Kebab épicé · wall_segment Palisade Wall x1 |
| 10:49 | Doner Kebab épicé · wall_segment Palisade Wall x1 |
| 11:31 | Doner Kebab épicé · first_building Archery Range |
| 12:58 | Doner Kebab épicé · wall_segment Palisade Wall x1 |
| 13:05 | Doner Kebab épicé · wall_segment Palisade Wall x1 |
| 13:18 | Doner Kebab épicé · wall_segment Palisade Wall x1 |
| 14:27 | Zezlot · wall_segment Palisade Wall x1 |
| 14:27 | Zezlot · wall_segment Palisade Wall x1 |
| 14:28 | Zezlot · wall_segment Palisade Wall x1 |
| 14:28 | Zezlot · wall_segment Palisade Wall x1 |
| 21:25 | Doner Kebab épicé · first_market_buy 100 food |
| 24:06 | Doner Kebab épicé · age_up castle |
| 24:21 | Zezlot · age_up castle |
| 25:18 | Zezlot · first_building Castle |
| 27:28 | Doner Kebab épicé · first_market_sell 100 wood |
| 28:07 | Doner Kebab épicé · wall_segment Palisade Wall x1 |
| 28:08 | Doner Kebab épicé · wall_segment Palisade Wall x1 |
| 28:09 | Doner Kebab épicé · wall_segment Palisade Wall x1 |
| 28:28 | Doner Kebab épicé · resign |
[ AI ANALYSIS · 1 CREDIT ]
What really happened in this match?
Wolo.gg analyzes every decision: build order, eco, micro, common mistakes by bracket. Personalized analysis on WhatsApp or Discord in 30 seconds.
Civ guide
Tupi
Perfil
Jugador #14438285